AoeStats
← AiM | CyclopsTron

Arena

506051685Analyzed
4v4 RM · 20d ago on Sep 12, 2026· 36m 13s· 8 players
Game mode
Random Map
Map size
Large (8 player)
Population
200
Speed
Normal
Resources
Standard
Victory
Conquest
Starting age
Dark Age
Ending age
Imperial Age
RankedLock teamsTeams togetherTeam positionsShared explorationLock speedFull tech treeHidden civsTurbo modeCheats
Victory
Defeat
🇺🇸 Bulgarians · United States
1488
+19
🇺🇸 Bohemians · United States
1476
+19
🇺🇸 Burmese · United States
1460
+19
🇩🇰 Franks · Denmark
1450
+19
🇲🇽 Teutons · Mexico
1759
-27
🇲🇽 Persians · Mexico
1621
-23
🇩🇪 Tatars · Germany
1416
-14
🇲🇽 Poles · Mexico
1371
-12
caterpie
8:57 Loom
10:57 Feudal Age
15:28 Castle Age
14:15 Double-Bit Axe
21:57 Horse Collar
24:28 Bow Saw
30:28 Fletching
31:08 Bodkin Arrow
32:14 Wheelbarrow
35:36 Imperial Age
33:29 Padded Archer Armor
34:15 Leather Archer Armor
34:43 Hand Cart
34:55 Fervor
36:00 Chemistry
35:19 Crossbowman
36:24 Bracer
37:03 Ballistics
YOGRANNYCANTSCRAP
7:44 Loom
10:10 Feudal Age
18:20 Castle Age
16:11 Double-Bit Axe
21:34 Town Watch
21:47 Fletching
27:05 Bodkin Arrow
31:36 Scale Barding Armor
Lord Aubergine
11:24 Feudal Age
12:12 Horse Collar
15:18 Castle Age
15:22 Light Cavalry
17:06 Husbandry
20:01 Heavy Plow
23:24 Wheelbarrow
23:20 Gold Mining
28:35 Imperial Age
25:52 Loom
26:43 Scale Barding Armor
26:39 Town Watch
27:39 Gold Shaft Mining
26:55 Stone Mining
28:00 Chain Barding Armor
28:09 Forging
28:55 Hand Cart
29:19 Iron Casting
29:12 Bloodlines
30:34 Chemistry
30:22 Plate Barding Armor
30:06 Pikeman
30:46 Squires
31:02 Scale Mail Armor
32:02 Blast Furnace
31:19 Halberdier
32:37 Arson
33:09 Chain Mail Armor
34:13 Plate Mail Armor
34:24 Town Patrol
35:18 Conscription
34:25 Man-at-Arms
34:50 Gambesons
35:48 Fletching
36:10 Siege Engineers
35:59 Long Swordsman
Lord Longshaft
11:21 Feudal Age
12:37 Double-Bit Axe
15:15 Castle Age
14:04 Gold Mining
14:33 Double-Bit Axe
18:54 Loom
21:08 Wheelbarrow
22:15 Scale Barding Armor
23:24 Forging
23:23 Husbandry
23:58 Chain Barding Armor
26:14 Town Watch
26:47 Hand Cart
26:50 Bow Saw
28:24 Gold Shaft Mining
28:37 Scale Mail Armor
28:47 Forging
28:45 Squires
29:05 Stone Mining
29:58 Masonry
30:18 Chain Mail Armor
29:55 Arson
33:30 Imperial Age
31:18 Chain Mail Armor
31:54 Fletching
32:40 Iron Casting
31:27 Pikeman
32:51 Ballistics
32:30 Bodkin Arrow
33:14 Coinage
34:03 #83
34:57 Plate Mail Armor
33:50 Halberdier
35:49 Blast Furnace
35:45 Conscription
37:03 Chemistry
36:58 Plate Barding Armor
SoyDemo
5:51 Loom
8:28 Feudal Age
9:09 Double-Bit Axe
15:08 Wheelbarrow
20:49 Castle Age
18:57 Horse Collar
22:16 Bow Saw
22:07 Heavy Plow
23:10 Fletching
35:59 Town Watch
AiM | CyclopsTron
5:47 Loom
8:21 Feudal Age
8:56 Double-Bit Axe
11:01 Fletching
17:34 Town Watch
18:52 Horse Collar
22:26 Castle Age
22:16 Stone Mining
23:05 Bodkin Arrow
23:51 Guard Tower
27:09 Wheelbarrow
29:45 Masonry
35:26 Imperial Age
34:32 Scale Mail Armor
34:45 Fortified Wall
35:18 Bow Saw
36:46 Heavy Plow
LeBotut
11:20 Feudal Age
14:51 Castle Age
12:38 Double-Bit Axe
12:34 Horse Collar
15:46 Bow Saw
19:13 Loom
pok
10:49 Feudal Age
14:36 Castle Age
13:06 Double-Bit Axe
13:23 Horse Collar
15:56 Bow Saw
15:34 Light Cavalry
18:05 Horse Collar
22:06 Wheelbarrow
23:45 Gold Mining
24:23 Bloodlines
24:42 Hand Cart
24:39 Scale Barding Armor
26:06 Chain Barding Armor
27:18 Gold Shaft Mining
28:11 Heavy Plow
31:29 Imperial Age
28:47 Loom
30:00 Stone Mining
31:29 Forging
31:25 Husbandry
34:18 Plate Barding Armor
33:10 Heavy Camel Rider
Connection lost

Rejoining the realm…

Still unreachable

The connection could not be restored.

Session expired

The server has moved on; the page needs a fresh start.